 Dungeon Crawl Stone Soup version 0.21-a0-434-g806c6c2 (webtiles) character file.

709 mhoghedin the Sneak (level 7, 0/33 HPs)
             Began as a Spriggan Artificer on Nov 8, 2017.
             Was an Initiate of Gozag.
             Killed by divine providence
             ... invoked by an orc priest
              (11 damage)
             ... on level 4 of the Dungeon.
             The game lasted 00:09:30 (3977 turns).

mhoghedin the Sneak (Spriggan Artificer)            Turns: 3977, Time: 00:09:31

Health: 0/33       AC:  3    Str:  8    XL:     7   Next: 40%
Magic:  12/12      EV: 23    Int: 13    God:    Gozag
Gold:   166        SH:  0    Dex: 18    Spells: 6/6 levels left

rFire    . . .     SeeInvis +   a - +1 dagger (drain)
rCold    . . .     Gourm    .   (shield restricted)
rNeg     . . .     Faith    .   b - +0 robe
rPois    .         Spirit   .   (helmet restricted)
rElec    .         Reflect  .   i - +0 cloak
rCorr    .         Harm     .   (gloves unavailable)
MR       +....                  (boots unavailable)
Stlth    ++++......             (no amulet)
HPRegen  0.11/turn              (no ring)
MPRegen  0.13/turn              (no ring)

@: very quick
A: unfitting armour, see invisible, herbivore 3, speed 3, slow metabolism 2
a: Potion Petition, Call Merchant, Bribe Branch, Renounce Religion


You were on level 4 of the Dungeon.
You worshipped Gozag.
Gozag was aware of your devotion.
You were very hungry.

You visited 2 branches of the dungeon, and saw 5 of its levels.

You collected 236 gold pieces.
You paid 70 gold pieces to Gozag.

Inventory:

Hand Weapons
 a - a +1 dagger of draining (weapon)
   (You took it off a goblin on level 3 of the Dungeon)
Armour
 b - a +0 robe (worn)
 i - a +0 cloak (worn)
   (You found it on level 1 of the Dungeon)
Wands
 c - a wand of flame (15/48)
 d - a wand of enslavement (11/24)
 e - a wand of random effects (3/48)
Scrolls
 g - 3 scrolls of recharging
 j - a scroll of amnesia {unknown}
 l - a scroll of random uselessness {unknown}
 o - a scroll of fear {unknown}
 p - 2 scrolls of immolation {unknown}
 q - 4 scrolls of enchant armour {unknown}
Potions
 k - a potion of flight
 m - a potion of agility
 n - a potion of invisibility
 r - 2 potions of curing
 s - 4 potions of heal wounds
Comestibles
 f - 3 bread rations {@e1}
 h - 4 royal jellies


   Skills:
 - Level 1.1 Fighting
 - Level 3.8 Short Blades
 + Level 7.2 Dodging
 + Level 7.3 Stealth
 + Level 5.8 Evocations


You had 6 spell levels left.
You didn't know any spells.

Dungeon Overview and Level Annotations

Branches:
Dungeon (4/15)             Temple (1/1) D:4

Altars:
Ashenzari
Cheibriados
Gozag
Hepliaklqana
Qazlal
Sif Muna
Uskayaw
Wu Jian
Xom
Zin

Annotations:
D:4 exclusion: 2 slaves


Innate Abilities, Weirdness & Mutations

You are very small and have problems with some larger weapons.
You are too small for most types of armour.
You have supernaturally acute eyesight. (SInv)
You are a herbivore.
You cover ground extremely quickly.
You need consume almost no food.


Message History

There is an open gate here.
Found a hide-covered altar of Uskayaw.
Found a hazy altar of Hepliaklqana.
Found a stormy altar of Qazlal.
Found a snail-covered altar of Cheibriados.
Found an opulent altar of Gozag.
Found a glowing silver altar of Zin.
Health restored: 33
There is a snail-covered altar of Cheibriados here.
Found a deep blue altar of Sif Muna.
There is a deep blue altar of Sif Muna here.
There is an opulent altar of Gozag here.
You kneel at the altar of Gozag.
Gozag welcomes you!
You pay a service fee of 70 gold.
Gozag offers you a free set of potion effects!
(D) Dungeon (T) Temple
Where to? (? - help)
There is a fountain of clear blue water here.
There is a fountain of clear blue water here.
There is a shattered altar of Ashenzari here.
There is an open gate here.
There is a staircase back to the Dungeon here.
You climb upwards.
Welcome back to the Dungeon!
Level annotation: exclusion: 2 slaves
There is a staircase to the Ecumenical Temple here.
Items here: ( )) [[ ÷ †
Items here: ))))) ÷÷÷÷
There is an open door here.
There is a stone staircase leading up here.
There is an open door here.
You miss the butterfly.
A giant cockroach comes into view.
A giant cockroach is nearby!
The helpless giant cockroach fails to defend itself.
You skewer the giant cockroach like a kebab!!!
You kill the giant cockroach!
No target in view!
No target in view!
No target in view!
No target in view!
No target in view!
No target in view!
You now have 148 gold pieces (gained 6).
As you open the door, it creaks loudly!
You hear a shout! x2
There is an open door here.
An orc and an orc wizard come into view.
The orc wizard shouts!
There are monsters nearby!
There are monsters nearby!
An orc and 2 orc priests come into view.
The orc priest shouts!
The orc moves out of view.
A giant cockroach comes into view.
The giant cockroach moves out of view.
The giant cockroach completely misses you.
You hit the giant cockroach. You drain the giant cockroach!
The giant cockroach misses you.
You hit the giant cockroach.
You kill the giant cockroach!
There is an open door here.
You see here 6 gold pieces.
There is an open door here.
You see here 6 gold pieces.
You hit the orc. You drain the orc! The orc completely misses you.
You hit the orc.
You kill the orc!
You hit the orc. You barely miss the orc. The orc completely misses you.
You hit the orc.
You kill the orc!
You now have 166 gold pieces (gained 18).
Things that are here:
a dagger; a mace
Aim: an orc wizard, wielding a dagger and wearing a robe (hasn't noticed you, chance to defeat MR: 63%)
The orc wizard shouts!
The orc wizard is charmed.
The orc priest shouts!
This wand has 11 charges left.
The orc priest mumbles some strange prayers to Beogh against you.
Beogh smites you!
You take 9 damage, and have 24/33 hp.
MASSIVE DAMAGE!!
You swap places.
Aim: an orc priest, wielding a club and wearing a scale mail
Okay, then.
Unknown command.
The orc priest shouts!
You hit the orc priest.
The orc priest mumbles some strange prayers to Beogh against you.
Beogh smites you!
You take 14 damage, and have 11/33 hp.
MASSIVE DAMAGE!!
You barely miss the orc priest.
The orc priest hits you but does no damage.
You barely miss the orc priest.
The orc priest calls down the wrath of Beogh upon you.
Beogh smites you!
You die...
Your body crumbles into a pile of gold.

'.........'........#
#.........###.......##
##.......###.........#
##.....## #.........#
##...#####.........#
##$##............#
#)##.###.#.....#
#.##.# #.##o..##
##.##.###.###@##
###...#.##...o.o#
#...........#####
...#...#.###.#
#####.##.....#
#.######## #.# #.# #.#


You could see 2 orc priests and a friendly orc wizard.

Vanquished Creatures
  Pikel (D:4)
  Grinder (D:3)
  A bullfrog (D:3)
  2 orc wizards (D:4)
  Robin (D:4)
  5 adders
  An ooze (D:3)
  2 worms (D:3)
  A dart slug (D:1)
  4 leopard geckos
  9 orcs
  3 giant cockroaches
  18 goblins
  10 hobgoblins
  2 jackals (D:1)
  A quokka (D:2)
  7 bats
  4 frilled lizards
  6 kobolds
  A quokka skeleton (D:4)
  7 rats
87 creatures vanquished.

Vanquished Creatures (others)
  A slave (D:4)
  A hound (D:4)
  2 adder skeletons (D:4)
4 creatures vanquished.

Grand Total: 91 creatures vanquished

Notes
Turn   | Place    | Note
-------+----------+-------------------------------------------
     0 | D:1      | mhoghedin the Spriggan Artificer began the quest for the Orb.
     0 | D:1      | Reached XP level 1. HP: 9/9 MP: 4/4
   138 | D:1      | HP: 2/9 [kobold/short sword (2)]
   416 | D:1      | Reached skill level 1 in Fighting
   416 | D:1      | Reached skill level 2 in Stealth
   421 | D:1      | Reached XP level 2. HP: 7/14 MP: 6/6
  1090 | D:1      | Reached XP level 3. HP: 18/18 MP: 7/7
  1764 | D:3      | Reached skill level 2 in Short Blades
  1764 | D:3      | Reached skill level 3 in Stealth
  1792 | D:3      | Reached skill level 4 in Dodging
  2120 | D:3      | Reached XP level 4. HP: 22/22 MP: 8/8
  2219 | D:3      | Noticed a bullfrog
  2226 | D:3      | Killed a bullfrog
  2226 | D:3      | Reached skill level 4 in Stealth
  2226 | D:3      | Reached XP level 5. HP: 25/25 MP: 9/9
  2496 | D:3      | Noticed Grinder
  2515 | D:3      | Paralysed by Grinder for 2 turns
  2517 | D:3      | Killed Grinder
  2517 | D:3      | Reached skill level 3 in Short Blades
  2517 | D:3      | Reached skill level 5 in Dodging
  2517 | D:3      | Reached skill level 5 in Stealth
  2517 | D:3      | Reached XP level 6. HP: 30/30 MP: 10/10
  2944 | D:4      | Noticed Pikel
  2944 | D:4      | Noticed a slave
  2944 | D:4      | Noticed a slave
  2944 | D:4      | Noticed a slave
  2944 | D:4      | Noticed a slave
  3008 | D:4      | Killed Pikel
  3008 | D:4      | Reached skill level 6 in Dodging
  3008 | D:4      | Reached skill level 6 in Stealth
  3008 | D:4      | Reached skill level 5 in Evocations
  3008 | D:4      | Reached XP level 7. HP: 26/33 MP: 10/12
  3153 | D:4      | Reached skill level 7 in Stealth
  3473 | D:4      | Noticed Robin
  3474 | D:4      | Reached skill level 7 in Dodging
  3542 | D:4      | Killed Robin
  3707 | D:4      | Found a staircase to the Ecumenical Temple.
  3716 | Temple   | Entered the Ecumenical Temple
  3789 | Temple   | Became a worshipper of Gozag Ym Sagoz the Greedy
  3977 | D:4      | Killed from afar by an orc priest

Vault maps used:
D:1:      dpeg_arrival_rooms_c
D:3:      uniq_grinder
D:4:      minmay_temple_entry_butterflies, first_bread, uniq_robin, uniq_pikel
Temple:   cyrus_temple_forest

Skill      XL: |  1  2  3  4  5  6  7 |
---------------+----------------------+-----
Fighting       | 1 |  1.1
Stealth        | 2 3 4 5 6 7 |  7.3
Short Blades   | 2 3 |  3.8
Dodging        | 4 5 6 7 |  7.2
Evocations     | 5 |  5.8

Action                   |  1- 3 |  4- 6 |  7- 9 || total
-------------------------+-------+-------+-------++-------
Melee: Short sword       |   133 |       |       ||   133
       Dagger            |    38 |   121 |   115 ||   274
Evoke: Wand              |       |    14 |     2 ||    16
  Use: Scroll            |     6 |     1 |       ||     7
       Potion            |     1 |       |       ||     1
 Stab: Sleeping          |     8 |     2 |     5 ||    15
Armor: Robe              |     9 |     6 |    12 ||    27
Dodge: Dodged            |   163 |    64 |    78 ||   305

Table legend:
 A = Spawn XP
 B = Non-spawn XP
 C = Spawn XP percentage of total XP
 D = Spawn monster count
 E = Non-spawn monster count
 F = Spawn count percentage of total count
 G = Total turns spent on level
                    A         B        C        D         E        F      G
               +---------+---------+-------+---------+---------+-------+---------
         Total |       0 |    1013 |   0.0 |       0 |      87 |   0.0 |  3977
               +---------+---------+-------+---------+---------+-------+---------
           D:1 |       0 |      46 |   0.0 |       0 |      25 |   0.0 |  1295
           D:2 |       0 |      14 |   0.0 |       0 |       9 |   0.0 |   442
           D:3 |       0 |     444 |   0.0 |       0 |      23 |   0.0 |  1167
           D:4 |       0 |     509 |   0.0 |       0 |      30 |   0.0 |   960
               +---------+---------+-------+---------+---------+-------+---------

Vault maps used:
D:1:      dpeg_arrival_rooms_c
D:3:      uniq_grinder
D:4:      minmay_temple_entry_butterflies, first_bread, uniq_robin, uniq_pikel
Temple:   cyrus_temple_forest

Table legend:
 A = Turns spent in this place as a percentage of turns spent in the entire game.
 B = Non-inter-level travel turns spent in this place as a percentage of non-inter-level travel turns spent in the entire game.
 C = Inter-level travel turns spent in this place as a percentage of turns spent in this place.
 D = Turns resting spent in this place as a percentage of non-inter-level travel turns spent in this place.
 E = Turns spent auto-exploring this place as a percentage of non-inter-level travel turns spent in this place.
 F = Non-inter-level travel turns spent in this place divided by the number of levels of this place that you've seen.
                   A       B       C       D       E      F
               +-------+-------+-------+-------+-------+----------------------
         Total | 100.0 | 100.0 |   3.7 |  29.4 |  42.4 | 766.2
       Dungeon |  97.2 |  98.1 |   2.8 |  30.0 |  42.7 | 939.2
        Temple |   2.8 |   1.9 |  34.5 |   0.0 |  23.0 |  74.0
               +-------+-------+-------+-------+-------+----------------------

Table legend:
 A = Kills in this place as a percentage of kills in entire the game.
 B = Kills by you in this place as a percentage of kills by you in the entire game.
 C = Kills by friends in this place as a percentage of kills by friends in the entire game.
 D = Other kills in this place as a percentage of other kills in the entire game.
 E = Experience gained in this place as a percentage of experience gained in the entire game.
 F = Experience gained in this place divided by the number of levels of this place that you have seen.
                   A       B       C       D       E      F
               +-------+-------+-------+-------+-------+----------------------
         Total | 100.0 | 100.0 |   N/A |   N/A | 100.0 | 202.6
       Dungeon | 100.0 | 100.0 |   N/A |   N/A | 100.0 | 253.2
               +-------+-------+-------+-------+-------+----------------------
